AoeStats
← Bora

Black Forest

509264747Analyzed
3v3 RM · 7d ago on Sep 26, 2026· 25m 54s· 6 players
Game mode
Random Map
Map size
Normal (6 player)
Population
200
Speed
Normal
Resources
Standard
Victory
Conquest
Starting age
Dark Age
Ending age
Imperial Age
RankedLock teamsTeams togetherTeam positionsShared explorationLock speedFull tech treeHidden civsTurbo modeCheats
Victory
Defeat
🇺🇸 Slavs · United States
942
+13
🇺🇸 Maya · United States
864
+16
🇺🇸 Inca · United States
853
+17
🇨🇷 Romans · Costa Rica
912
-17
🇨🇳 Danes · China
887
-16
🇺🇸 Persians · United States
809
-13
GodLyCrisCo
0:33 Loom
14:46 Feudal Age
20:36 Castle Age
18:29 Double-Bit Axe
19:10 Fletching
19:21 Padded Archer Armor
20:46 Crossbowman
24:41 Bodkin Arrow
Bora
0:26 Loom
13:19 Feudal Age
17:00 Forging
18:07 Double-Bit Axe
23:03 Castle Age
23:04 Scale Mail Armor
22:58 Horse Collar
23:09 Gold Mining
24:53 Wheelbarrow
24:45 Bow Saw
25:13 Gold Shaft Mining
Workmode
0:28 Loom
14:11 Feudal Age
18:43 Castle Age
16:49 Double-Bit Axe
16:46 Horse Collar
17:41 Gold Mining
17:55 Stone Mining
19:22 Wheelbarrow
21:43 Bow Saw
22:09 Heavy Plow
RadiatTions
1:16 Loom
15:11 Feudal Age
22:03 Castle Age
20:02 Double-Bit Axe
20:55 Stone Mining
El Tio Ho
1:05 Loom
13:06 Feudal Age
20:50 Castle Age
21:34 Double-Bit Axe
大表哥
Connection lost

Rejoining the realm…

Still unreachable

The connection could not be restored.

Session expired

The server has moved on; the page needs a fresh start.